 Dungeon Crawl Stone Soup version 0.26-a0-1145-gf5f8a83f67 (webtiles) character file.

Game seed: 16564723514087816457

76 ANON1729 the Ruffian (level 4, -3/35 HPs)
             Began as a Draconian Transmuter on Dec 22, 2020.
             Slain by an ice beast (5 damage)
             ... on level 3 of the Dungeon.
             The game lasted 00:03:16 (2167 turns).

ANON1729 the Ruffian (Draconian Transmuter)         Turns: 2167, Time: 00:03:17

Health: -3/35      AC:  5    Str: 13    XL:     4   Next: 12%
Magic:  2/7        EV: 12    Int: 14    God:
Gold:   106        SH:  0    Dex: 11    Spells: 1/7 levels left

rFire    . . .     SeeInvis .     - Unarmed
rCold    . . .     Faith    .   (no shield)
rNeg     . . .     Spirit   .   (armour unavailable)
rPois    .         Reflect  .   (helmet restricted)
rElec    .         Harm     .   (no cloak)
rCorr    .         Rampage  .   (no gloves)
Will     .....                  (no boots)
Stlth    +.........             (no amulet)
HPRegen  0.11/turn              (no ring)
MPRegen  0.10/turn              (no ring)

@: very slow
A: unfitting armour, cold-blooded, AC +5
a: no special abilities


You were on level 3 of the Dungeon.
You visited 1 branch of the dungeon, and saw 3 of its levels.

You collected 106 gold pieces.

Inventory:

Jewellery
 a - an uncursed amulet of inaccuracy
Wands
 g - a wand of enslavement (8)
 h - a wand of disintegration (8)
Scrolls
 d - 2 scrolls of teleportation
 f - 2 scrolls of enchant armour
 j - a scroll of immolation
 l - a scroll of noise {unknown}
Potions
 b - a potion of heal wounds {unknown}
 c - a potion of curing {unknown}
 i - 2 potions of haste {unknown}
 m - 2 potions of mutation {unknown}


   Skills:
 - Level 1.1 Fighting
 - Level 1.8 Dodging
 * Level 4.4 Unarmed Combat
 - Level 2.0 Spellcasting
 + Level 2.9 Transmutations


You had one spell level left.
You knew the following spells:

 Your Spells              Type           Power        Failure   Level
a - Beastly Appendage     Tmut           18%          7%          1
b - Wereblood             Tmut           9%           11%         2
c - Spider Form           Tmut/Pois      2%           36%         3

Your spell library contained the following spells:

 Spells                   Type           Power        Failure   Level
 Ice Form                 Ice/Tmut       5%           78%         4
 Blade Hands              Tmut           4%           89%         5


Dungeon Overview and Level Annotations

Branches:
Dungeon (3/15)

Altars:


Innate Abilities, Weirdness & Mutations

Your plain brown scales are hard. (AC +5)
You cannot fit into any form of body armour.
You are cold-blooded and may be slowed by cold attacks.


Message History

You hit the ice beast but do no damage.
The ice beast is severely wounded.
The ice beast closely misses you.
Your unstable footing causes you to fumble your attack.
The ice beast closely misses you. The ice beast completely misses you.
You hit the ice beast but do no damage.
The ice beast is almost dead.
You hit the ice beast.
The ice beast is almost dead.
The ice beast hits you. The ice beast freezes you!
* * * LOW HITPOINT WARNING * * *
You barely miss the ice beast.
The ice beast is almost dead.
Your transformation has ended.
The ice beast closely misses you. The ice beast hits you.
* * * LOW HITPOINT WARNING * * *
The ice beast freezes you.
You die...

. ... #...#####
≈≈≈≈≈≈≈†####
≈≈≈≈≈≈≈≈≈≈≈###
≈≈≈≈≈≈≈≈≈Y@≈≈#
≈≈≈≈≈≈≈≈≈≈≈≈≈≈≈#
≈≈....≈≈≈≈≈≈≈≈≈≈..
#.##.####≈≈≈≈≈≈≈≈#
. #. ###≈≈≈≈≈≈# #
..≈≈≈≈# ###...#
#.##


You could see an ice beast (poisoned).

Vanquished Creatures
  2 adders (D:2)
  2 oozes (D:1)
  A worm (D:2)
  A dart slug (D:1)
  3 leopard geckos
  An orc (D:3)
  A ball python (D:1)
  A giant cockroach (D:1)
  7 goblins
  4 hobgoblins
  2 quokkas
  5 bats
  A frilled lizard (D:2)
  6 kobolds
  4 rats
41 creatures vanquished.

Notes
Turn   | Place    | Note
-------+----------+-------------------------------------------
     0 | D:1      | ANON1729 the Draconian Transmuter began the quest for the
                  | Orb.
     0 | D:1      | Reached XP level 1. HP: 16/16 MP: 3/3
   360 | D:1      | Reached XP level 2. HP: 23/23 MP: 5/5
   991 | D:1      | Reached XP level 3. HP: 2/28 MP: 4/6
   991 | D:1      | HP: 1/28 [bat (1)]
  1286 | D:1      | Learned a level 2 spell: Wereblood
  1290 | D:1      | Learned a level 3 spell: Spider Form
  1305 | D:2      | Reached skill level 4 in Unarmed Combat
  1799 | D:2      | Reached XP level 4. HP: 33/35 MP: 7/7
  2147 | D:3      | Noticed an ice beast
  2167 | D:3      | Slain by an ice beast

Illustrated notes

Levels and vault maps discovered:
D:1:      kennysheep_arrival_forest, layout_loops_corners
D:2:      layout_rooms
D:3:      wander_river, layout_loops_ring, nicolae_tso_swordbearing_angel,
          minmay_misc_feat_roman, evilmike_ruin_ashenzari

Skill      XL: |  1  2  3 |
---------------+----------+-----
Unarmed Combat | 4 |  4.4
Fighting       | |  1.1
Dodging        | |  1.8
Spellcasting   | |  2.0
Transmutations | |  2.9

Action                   |  1- 3 |  4- 6 || total
-------------------------+-------+-------++-------
Melee: Unarmed           |   128 |    35 ||   163
       Tailslap          |    10 |     2 ||    12
       Headbutt          |     7 |       ||     7
       Kick              |     5 |       ||     5
       Punch             |     1 |     1 ||     2
 Cast: Beastly Appendage |     5 |       ||     5
       Spider Form       |       |     1 ||     1
  Use: Scroll            |       |     5 ||     5
 Stab: Sleeping          |     1 |       ||     1
Armor: Skin              |    47 |     5 ||    52
Dodge: Dodged            |    88 |    15 ||   103

Table legend: (Time is in decaauts)
 A = Elapsed time spent in this place.
 B = Non-inter-level travel time spent in this place.
 C = Inter-level travel time spent in this place.
 D = Time resting spent in this place.
 E = Time spent auto-exploring this place.
 F = Levels seen in this place.
 G = Mean time per level.
                   A        B        C        D        E       F      G
               +--------+--------+--------+--------+--------+-----+--------+
         Total |   2158 |   2117 |     41 |    461 |   1327 |   3 |  719.3 |
       Dungeon |   2158 |   2117 |     41 |    461 |   1327 |   3 |  719.3 |
               +--------+--------+--------+--------+--------+-----+--------+

Top non-repeatable levels by time:
     D:1: 1484 daAuts
     D:2: 588 daAuts
     D:3: 85 daAuts
